[Event "Titled Tuesday Blitz March 15 Early 2022"]
[White "Barp, Alberto"]
[Black "Tabatabaei, M. Amin"]
[WhiteFideId "872555"]
[BlackFideId "12521213"]
[WhiteElo "2229"]
[BlackElo "2544"]
[Result "1/2-1/2"]
[Round "03"]
[TimeControl "180+1"]
[Date "2022.03.15"]
[WhiteClock "0:00:08"]
[BlackClock "0:00:14"]

1. d4 e6 2. c4 b6 3. a3 Bb7 4. Nc3 Nf6 5. Qc2 d5 6. cxd5 Nxd5 7. e4 Nxc3 8. bxc3 Be7 9. Nf3 c5 10. Bb5+ Bc6 11. Bxc6+ Nxc6 12. Be3 Rc8 13. Qe2 cxd4 14. cxd4 O-O 15. O-O Na5 16. Rfd1 Qd7 17. d5 exd5 18. exd5 Rfe8 19. Qd3 Nc4 20. Ra2 Nxe3 21. Qxe3 Bc5 22. Qd3 b5 23. Ng5 g6 24. Ne4 Qe7 25. Re2 f5 26. Nc3 Qh4 27. g3 Qc4 28. Rxe8+ Rxe8 29. Nxb5 Re1+ 30. Kg2 Qxd3 31. Rxd3 Kf7 32. d6 Ke8 33. Rc3 Bb6 34. a4 Re2 35. a5 Bxa5 36. Re3+ Rxe3 37. fxe3 a6 38. Na3 Kd7 39. Nc4 Bb4 40. Kf3 Bxd6 41. e4 fxe4+ 42. Kxe4 Ke6 43. Kd4 Bb4 44. g4 a5 45. Nb6 Kf6 46. h4 h5 47. gxh5 gxh5 48. Ke4 Ke6 49. Na4 Be7 50. Kd4 Bxh4 51. Ke4 Be1 52. Nc5+ Ke7 53. Nd3 Bc3 54. Nf4 h4 55. Nd5+ Kd6 56. Nxc3 Kc5 57. Kf4 Kc4 58. Na4 Kb5 59. Nb2 Kb4 60. Kg4 Kb3 61. Nd3 Kc3 62. Nc5 Kc4 63. Na4 Kb3 64. Nc5+ Kb4 65. Nd3+ Kb5 66. Nb2 Kb4 67. Kxh4 Kc3 68. Na4+ Kb4 69. Nb6 Kc5 70. Na4+ Kb4 71. Nb2 Kc3 72. Na4+ Kb3 73. Nb6 Kb4 74. Kg4 Kc5 75. Na4+ Kb4 76. Nb6 Kb5 77. Nd5 Kc5 78. Nc3 Kb4 79. Nd5+ Kc5 80. Nc3 Kc4 81. Na4 Kb4 82. Nb6 1/2-1/2


[Site "https://www.chess.com"]

[Event "Titled Tuesday Blitz March 15 Early 2022"]
[White "Baskin, Robert"]
[Black "volunteers1998"]
[WhiteFideId "24662402"]
[WhiteElo "2488"]
[BlackElo "2263"]
[Result "0-1"]
[Round "03"]
[TimeControl "180+1"]
[Date "2022.03.15"]
[WhiteClock "0:00:02"]
[BlackClock "0:01:05"]

1. c4 f5 2. d4 Nf6 3. g3 g6 4. Bg2 Bg7 5. Nf3 O-O 6. O-O d6 7. Nc3 Nc6 8. d5 Ne5 9. Nxe5 dxe5 10. Qb3 e6 11. Rd1 Qe7 12. dxe6 c6 13. Be3 Bxe6 14. Na4 Rfd8 15. Nc5 Rxd1+ 16. Rxd1 Rb8 17. Nxe6 Qxe6 18. Bxa7 Rf8 19. Qxb7 Qxc4 20. Qxc6 Qxe2 21. Rc1 Qxb2 22. a4 e4 23. Bf1 Ng4 24. Qe6+ Kh8 25. Rc7 Ne5 26. Qe7 Nf3+ 27. Kg2 h5 28. Be3 Ne1+ 29. Kh1 Nd3 30. Bh6 Rg8 31. Bxd3 exd3 32. Kg2 d2 0-1


[Site "https://www.chess.com"]

[Event "Titled Tuesday Blitz March 15 Early 2022"]
[White "Beerdsen, Thomas"]
[Black "Sarana, Alexey"]
[WhiteFideId "1030108"]
[BlackFideId "24133795"]
[WhiteElo "2585"]
[BlackElo "2666"]
[Result "0-1"]
[Round "03"]
[TimeControl "180+1"]
[Date "2022.03.15"]
[WhiteClock "0:01:02"]
[BlackClock "0:02:10"]

1. e4 c5 2. Nf3 d6 3. d4 cxd4 4. Nxd4 Nf6 5. Nc3 a6 6. a3 e5 7. Nf5 d5 8. Bg5 d4 9. Bxf6 Qxf6 10. Nd5 Qc6 11. c4 Be6 12. f4 g6 13. Nxd4 exd4 14. Qxd4 f6 15. Be2 Nd7 16. b4 Bxd5 17. exd5 Qb6 18. c5 Nxc5 19. bxc5 Bxc5 20. Qe4+ Kf7 21. Rb1 Qa5+ 22. Kf1 Rhe8 23. Rxb7+ Kg8 24. Qc4 Bd6 25. g3 Rac8 26. Qd3 Rc3 27. Qd1 Qc5 28. Rb1 Rc2 0-1


[Site "https://www.chess.com"]

[Event "Titled Tuesday Blitz March 15 Early 2022"]
[White "Bluebaum, Matthias"]
[Black "Postny, Evgeny"]
[WhiteFideId "24651516"]
[BlackFideId "2804344"]
[WhiteElo "2550"]
[BlackElo "2483"]
[Result "1-0"]
[Round "03"]
[TimeControl "180+1"]
[Date "2022.03.15"]
[WhiteClock "0:01:25"]
[BlackClock "0:00:01"]

1. b3 d5 2. Bb2 Nf6 3. Nf3 c5 4. e3 e6 5. c4 dxc4 6. Bxc4 a6 7. O-O Be7 8. d4 b5 9. Be2 Bb7 10. a4 b4 11. Nbd2 O-O 12. Rc1 Nbd7 13. Nc4 a5 14. Qc2 Be4 15. Bd3 Bxf3 16. gxf3 cxd4 17. Bxd4 Qb8 18. Qb1 g6 19. Rfd1 Nd5 20. f4 Bf6 21. Be4 Bxd4 22. Rxd4 N7f6 23. Bf3 Ra7 24. Qd3 Rc7 25. Rd1 Qa7 26. Rd2 Rfc8 27. Kh1 Qc5 28. h3 Qa7 29. h4 Kg7 30. Rd1 Nb6 31. Nd6 Rc3 32. Nxc8 Nxc8 33. Qb5 Rxb3 34. h5 Ne7 35. Rd7 Nxd7 36. Rxd7 Rb1+ 37. Kg2 Qb8 38. Qxb8 1-0


[Site "https://www.chess.com"]

[Event "Titled Tuesday Blitz March 15 Early 2022"]
[White "Bodnaruk, Anastasia"]
[Black "Thomas, Anysia"]
[WhiteFideId "4181751"]
[BlackFideId "670472"]
[WhiteElo "2393"]
[BlackElo "2002"]
[Result "1-0"]
[Round "03"]
[TimeControl "180+1"]
[Date "2022.03.15"]
[WhiteClock "0:00:07"]
[BlackClock "0:00:03"]

1. e4 c5 2. Nc3 Nc6 3. Bb5 Nd4 4. Bc4 g6 5. Nf3 Bg7 6. Nxd4 cxd4 7. Qf3 Nh6 8. Ne2 O-O 9. h3 d6 10. g4 Be6 11. d3 Bxc4 12. g5 Be6 13. gxh6 Be5 14. c3 dxc3 15. bxc3 f5 16. d4 fxe4 17. Qxe4 Bf5 18. Qxb7 Bf6 19. Bf4 Qa5 20. Rd1 Rab8 21. Qf3 Bc2 22. Rc1 Qxa2 23. h4 e5 24. dxe5 Bxe5 25. Qg4 Bf5 26. Qg3 Bxf4 27. Nxf4 Qb2 28. Rd1 Rb3 29. h5 Qxc3+ 30. Qxc3 Rxc3 31. hxg6 Bxg6 32. Nxg6 Re8+ 33. Kd2 Ra3 34. Nf4 Ra2+ 35. Kd3 Rxf2 36. Nd5 Rf3+ 37. Kd4 Kf7 38. Rhf1 Rxf1 39. Rxf1+ Ke6 40. Rf6+ Kd7 41. Rf7+ Kc6 42. Rxh7 Rb8 43. Rc7+ Kb5 44. h7 Rh8 45. Nf6 a5 46. Rg7 1-0


[Site "https://www.chess.com"]

[Event "Titled Tuesday Blitz March 15 Early 2022"]
[White "Bogumil, Tatiana"]
[Black "Ansh M Shah"]
[WhiteFideId "4110579"]
[BlackFideId "25033379"]
[WhiteElo "1761"]
[BlackElo "1819"]
[Result "1-0"]
[Round "03"]
[TimeControl "180+1"]
[Date "2022.03.15"]
[WhiteClock "0:00:09"]
[BlackClock "0:00:25"]

1. Nf3 Nf6 2. c4 g6 3. b3 Bg7 4. Bb2 O-O 5. g3 d5 6. Bg2 dxc4 7. bxc4 c5 8. O-O Nc6 9. d3 Be6 10. Ne5 Nxe5 11. Bxe5 Qd7 12. Nd2 Bh3 13. a4 Bxg2 14. Kxg2 Qc6+ 15. Nf3 Ng4 16. Bxg7 Kxg7 17. Kg1 Rfe8 18. h3 Nf6 19. Qb3 Rad8 20. Rab1 Rb8 21. Qb5 Qd6 22. a5 Nh5 23. Kg2 Kg8 24. Qa4 e5 25. Rxb7 e4 26. dxe4 Rxe4 27. Rxb8+ Qxb8 28. e3 Nf6 29. Rd1 Qa8 30. Qb5 Re5 31. a6 Re7 32. Qxc5 Qe4 33. Rd4 Qc2 34. Qxe7 Kg7 35. Rf4 Qc3 36. Qxf6+ Qxf6 37. Rxf6 Kxf6 38. Nd4 Ke5 39. Nb5 f5 40. Nxa7 Kd6 41. Nb5+ Kc6 42. a7 Kb7 43. f4 h6 44. Kf3 g5 45. e4 g4+ 46. hxg4 h5 47. gxh5 fxe4+ 48. Kxe4 Ka8 49. h6 Kb7 50. h7 Ka8 51. h8=Q+ Kb7 52. a8=Q+ Kb6 53. Qd4# 1-0


[Site "https://www.chess.com"]

[Event "Titled Tuesday Blitz March 15 Early 2022"]
[White "Bortnyk, Olexandr"]
[Black "Urazayev, Arystanbek"]
[WhiteFideId "14120828"]
[BlackFideId "13709810"]
[WhiteElo "2723"]
[BlackElo "2393"]
[Result "1-0"]
[Round "03"]
[TimeControl "180+1"]
[Date "2022.03.15"]
[WhiteClock "0:00:56"]
[BlackClock "0:00:34"]

1. e4 c5 2. c3 e6 3. d4 d5 4. exd5 exd5 5. Be3 c4 6. b3 cxb3 7. axb3 Nc6 8. Bd3 Nf6 9. h3 Bd6 10. Qf3 h6 11. Ne2 O-O 12. Nd2 Re8 13. O-O Be6 14. Nf4 Qd7 15. Nxe6 Qxe6 16. Bf5 Qe7 17. Rfe1 Ne4 18. Nxe4 dxe4 19. Qg4 Qf6 20. Bxe4 h5 21. Qf3 Qxf3 22. Bxf3 g6 23. c4 Nb4 24. Re2 Nd3 25. Bxb7 Rab8 26. Rxa7 Re7 27. Ra6 Rexb7 28. Rxd6 Rxb3 29. c5 Rc3 30. c6 Kg7 31. d5 Rb4 32. Bg5 Kh7 33. Rd7 Kg7 34. Ree7 1-0


[Site "https://www.chess.com"]

[Event "Titled Tuesday Blitz March 15 Early 2022"]
[White "Brunner, Nicolas"]
[Black "Kowalczyk, Pawel"]
[WhiteFideId "620246"]
[BlackFideId "1130641"]
[WhiteElo "2372"]
[BlackElo "2344"]
[Result "1/2-1/2"]
[Round "03"]
[TimeControl "180+1"]
[Date "2022.03.15"]
[WhiteClock "0:00:07"]
[BlackClock "0:00:18"]

1. d4 Nf6 2. c4 c5 3. d5 b5 4. cxb5 a6 5. b6 Qxb6 6. Nc3 g6 7. e4 d6 8. Nf3 Bg7 9. Nd2 O-O 10. Be2 e6 11. Nc4 Qc7 12. dxe6 Bxe6 13. Qxd6 Qxd6 14. Nxd6 Nc6 15. O-O Rfd8 16. Nb7 Rdb8 17. Nxc5 Nd4 18. Nxe6 Nxe6 19. Bc4 Rb4 20. Bxe6 fxe6 21. f3 Rc8 22. Rd1 Nh5 23. Rd6 Bd4+ 24. Kh1 e5 25. Rxa6 Rd8 26. Nd5 Rc4 27. Bh6 Bxb2 28. Rd1 Bd4 29. g4 Ng7 30. Nf6+ Kh8 31. Bxg7+ Kxg7 32. g5 Rb8 33. Rd6 Rb2 34. Rd7+ Kf8 35. Nxh7+ Ke8 36. Nf6+ Kf8 37. a4 Rcc2 38. Ng4 Ra2 39. f4 Rg2 40. fxe5 Rxg4 41. R1xd4 Rxg5 42. Rd8+ Kg7 43. R8d7+ Kf8 44. Rd8+ Ke7 45. R4d7+ Ke6 46. Rd6+ Kxe5 47. Rd5+ Kf4 48. Rxg5 Kxg5 49. Rd1 Rxa4 50. Re1 Kf6 51. Kg2 Ra3 52. h3 Ke5 53. Re2 g5 54. Kh2 Rb3 55. Rg2 Kf4 56. Rg4+ Kf3 57. Rxg5 Rb2+ 58. Kh1 Kxe4 59. Rg3 Kf4 60. Ra3 Rc2 61. Kg1 Rb2 62. Rc3 Ra2 63. Rb3 Rc2 64. Ra3 Rd2 65. Rb3 Rc2 66. Ra3 1/2-1/2


[Site "https://www.chess.com"]

[Event "Titled Tuesday Blitz March 15 Early 2022"]
[White "Butti, Enrique"]
[Black "Shailendra, K Bajpai"]
[WhiteFideId "3700470"]
[BlackFideId "5014670"]
[WhiteElo "2080"]
[BlackElo "2242"]
[Result "0-1"]
[Round "03"]
[TimeControl "180+1"]
[Date "2022.03.15"]
[WhiteClock "0:00:28"]
[BlackClock "0:00:08"]

1. d4 Nf6 2. Nf3 e6 3. e3 d5 4. Bd3 Be7 5. O-O O-O 6. b3 c5 7. Bb2 Nc6 8. a3 a5 9. Nbd2 a4 10. Ne5 axb3 11. cxb3 cxd4 12. exd4 g6 13. Re1 Nd7 14. Qg4 Bf6 15. Ndf3 Bg7 16. h4 Qb6 17. b4 Ne7 18. Qf4 Nf6 19. g4 Bd7 20. h5 Bb5 21. hxg6 Nxg6 22. Bxg6 hxg6 23. Kg2 Nd7 24. Rh1 Nxe5 25. dxe5 Bd3 26. Bd4 Qc6 27. Ng5 Qd7 28. Qh2 Rfc8 29. Rae1 Qe7 30. f4 Rxa3 31. Qh7+ Kf8 32. Qh8+ Bxh8 33. Rxh8+ Kg7 34. Rh7+ Kg8 35. Reh1 Rc2+ 36. Kg3 Be4+ 37. Kh4 Bxh1 0-1


[Site "https://www.chess.com"]

[Event "Titled Tuesday Blitz March 15 Early 2022"]
[White "Chernomordik, Pavel"]
[Black "Svane, Rasmus"]
[WhiteFideId "2804530"]
[BlackFideId "4657101"]
[WhiteElo "2249"]
[BlackElo "2645"]
[Result "0-1"]
[Round "03"]
[TimeControl "180+1"]
[Date "2022.03.15"]
[WhiteClock "0:00:05"]
[BlackClock "0:01:35"]

1. e4 c6 2. Nc3 d5 3. Nf3 dxe4 4. Nxe4 Nf6 5. Qe2 Nxe4 6. Qxe4 Qa5 7. Bc4 Bf5 8. Qf4 e6 9. O-O Be7 10. b3 O-O 11. Bb2 Nd7 12. Bc3 Qd8 13. Qg3 Bf6 14. Nd4 Bg6 15. Bd3 Nc5 16. Bxg6 hxg6 17. Qe3 Qd5 18. Nf3 Rfd8 19. Bxf6 gxf6 20. d3 Kg7 21. Rfe1 e5 22. Rad1 Ne6 23. Nd2 Nd4 24. Rc1 Rd7 25. Ne4 b6 26. f4 Re8 27. Qf2 exf4 28. Qxf4 Re6 29. Ng3 Rde7 30. Rf1 f5 31. c4 Qc5 32. Kh1 Ne2 33. Nxe2 Rxe2 34. d4 Qa5 35. d5 cxd5 36. Qd4+ R2e5 37. Rfe1 dxc4 38. Rxe5 Qxe5 39. Qxc4 Qe1+ 40. Qf1 Qxf1+ 41. Rxf1 Re2 42. Ra1 Rb2 43. Kg1 Kf6 44. Kf1 Kg5 0-1


[Site "https://www.chess.com"]

[Event "Titled Tuesday Blitz March 15 Early 2022"]
[White "Chernov, Mikhail"]
[Black "Arabidze, Meri"]
[WhiteFideId "24143170"]
[BlackFideId "13604040"]
[WhiteElo "2189"]
[BlackElo "2335"]
[Result "0-1"]
[Round "03"]
[TimeControl "180+1"]
[Date "2022.03.15"]
[WhiteClock "0:00:29"]
[BlackClock "0:01:11"]

1. Nf3 c5 2. g3 b6 3. Bg2 Bb7 4. O-O Nf6 5. d4 cxd4 6. Nxd4 Bxg2 7. Kxg2 Nc6 8. c4 Qc8 9. Nc3 g6 10. e4 Bg7 11. Be3 O-O 12. Rc1 Nxd4 13. Bxd4 Qb7 14. Nd5 Nxd5 15. cxd5 e5 16. Bc3 f5 17. f3 Rf7 18. Qa4 Raf8 19. Bb4 Re8 20. Bd6 b5 21. Qa5 Rc8 22. Rxc8+ Qxc8 23. Qxb5 fxe4 24. fxe4 Qc2+ 25. Kg1 Rxf1+ 26. Kxf1 Qxe4 27. Qxd7 Qb1+ 28. Kg2 Qxb2+ 29. Kh3 h5 30. Qxa7 Qe2 31. Qe7 Qf1+ 32. Kh4 Bf6+ 0-1


[Site "https://www.chess.com"]

[Event "Titled Tuesday Blitz March 15 Early 2022"]
[White "Csonka, Balazs"]
[Black "Ilyasli, Ughur"]
[WhiteFideId "742910"]
[BlackFideId "13416197"]
[WhiteElo "2404"]
[BlackElo "2045"]
[Result "1-0"]
[Round "03"]
[TimeControl "180+1"]
[Date "2022.03.15"]
[WhiteClock "0:00:03"]
[BlackClock "0:00:14"]

1. e4 c5 2. Nf3 d6 3. d4 cxd4 4. Nxd4 Nf6 5. Nc3 a6 6. Qe2 e6 7. g4 Be7 8. g5 Nfd7 9. h4 Nc6 10. Be3 Qc7 11. O-O-O Na5 12. f4 b5 13. Nf5 Bb7 14. Nxe7 Kxe7 15. Bd4 b4 16. Na4 Rhc8 17. b3 Bc6 18. Nb2 Bb5 19. Qd2 e5 20. Be3 Nc5 21. Bxc5 Qxc5 22. Kb1 exf4 23. Bxb5 axb5 24. Rhf1 Ra6 25. Rxf4 Rac6 26. Rf2 Qc3 27. Nd3 Qxd2 28. Rdxd2 Rc3 29. Nxb4 Rh3 30. Rf4 Rc5 31. Nd5+ Ke6 32. Rdf2 Nc6 33. Rxf7 Ne5 34. Re7# 1-0


[Site "https://www.chess.com"]

[Event "Titled Tuesday Blitz March 15 Early 2022"]
[White "De Souza, Cristiano Gomes"]
[Black "Urbina Perez, Juan Antonio"]
[WhiteFideId "2151758"]
[BlackFideId "2217368"]
[WhiteElo "2068"]
[BlackElo "2192"]
[Result "0-1"]
[Round "03"]
[TimeControl "180+1"]
[Date "2022.03.15"]
[WhiteClock "0:00:35"]
[BlackClock "0:00:52"]

1. d4 Nf6 2. c4 e6 3. Nf3 b6 4. g3 Ba6 5. b3 Bb7 6. Bg2 Bb4+ 7. Bd2 Be7 8. Bc3 d5 9. Nbd2 O-O 10. O-O c5 11. dxc5 Bxc5 12. cxd5 Nxd5 13. Bb2 Qe7 14. Rc1 Nc6 15. Nc4 Rfd8 16. Qc2 Ncb4 17. Qb1 Nf6 18. Nfe5 Bxg2 19. Kxg2 Qb7+ 20. f3 Nc6 21. Nxc6 Qxc6 22. Ne5 Qb5 23. Nd3 Bd4 24. Rc2 Bxb2 25. Qxb2 Rac8 26. Rfc1 Rxc2 27. Rxc2 h6 28. Qe5 Qxe5 29. Nxe5 Nd5 30. Kf2 f6 31. Nc6 Rd7 32. e4 Ne7 33. Ke3 Kf7 34. Nd4 Ng6 35. f4 e5 36. Nf5 exf4+ 37. gxf4 Ne7 38. Nxe7 Kxe7 39. Rd2 Rxd2 40. Kxd2 g5 41. Ke3 Ke6 42. h3 h5 43. Kf3 Kd6 44. Ke3 a5 45. e5+ Ke6 46. exf6 Kxf6 47. Ke4 g4 48. hxg4 hxg4 49. f5 g3 50. Kf3 Kxf5 51. Kxg3 Ke4 52. Kf2 Kd3 53. a3 Kc3 54. b4 a4 55. Ke3 Kb3 56. Kd4 Kxa3 57. Kc4 Kb2 58. Kb5 a3 59. Kxb6 a2 60. b5 a1=Q 61. Kc7 Qa7+ 62. Kc6 Kb3 63. b6 Qb8 0-1


[Site "https://www.chess.com"]

[Event "Titled Tuesday Blitz March 15 Early 2022"]
[White "Dolzhykova, Kateryna"]
[Black "Maltsevskaya, Aleksandra"]
[WhiteFideId "14113414"]
[BlackFideId "24174041"]
[WhiteElo "2184"]
[BlackElo "2241"]
[Result "0-1"]
[Round "03"]
[TimeControl "180+1"]
[Date "2022.03.15"]
[WhiteClock "0:00:03"]
[BlackClock "0:00:11"]

1. e4 c5 2. Nf3 e6 3. d3 Nc6 4. Nbd2 b6 5. g3 Bb7 6. Bg2 g6 7. O-O Bg7 8. Re1 Nge7 9. e5 O-O 10. Nc4 Qc7 11. Bf4 Nc8 12. h4 h5 13. Qd2 Nd4 14. Nxd4 cxd4 15. Bxb7 Qxb7 16. Bh6 d5 17. Bxg7 Kxg7 18. Na3 Ne7 19. Nb5 Nf5 20. Qf4 Qc6 21. Nxd4 Nxd4 22. Qxd4 Qxc2 23. Rac1 Qd2 24. Red1 Qa5 25. Rc7 Rac8 26. Rdc1 Rxc7 27. Rxc7 Qxa2 28. Kg2 Qb3 29. Rxa7 b5 30. Rb7 Qd1 31. Rxb5 Ra8 32. Qf4 Qxd3 33. Rb7 Kg8 34. b4 Rf8 35. b5 Qb3 36. b6 Qb2 37. g4 hxg4 38. h5 Qc3 39. Qxg4 Qc6 40. Re7 d4+ 41. Kh2 Qc5 42. Rd7 Qxe5+ 43. Kg2 Qc5 44. hxg6 Qc6+ 45. Kg1 Qxd7 46. gxf7+ Kxf7 47. Qh5+ Ke7 48. Qg5+ Kd6 49. Qg3+ Kc6 50. Qg2+ Kxb6 51. Qg5 Qd5 52. Qc1 Rg8+ 53. Kf1 Qh1+ 54. Ke2 Qxc1 0-1


[Site "https://www.chess.com"]

[Event "Titled Tuesday Blitz March 15 Early 2022"]
[White "Donchenko, Alexander"]
[Black "Kulkarni, Rakesh"]
[WhiteFideId "24603295"]
[BlackFideId "5037077"]
[WhiteElo "2539"]
[BlackElo "2246"]
[Result "1/2-1/2"]
[Round "03"]
[TimeControl "180+1"]
[Date "2022.03.15"]
[WhiteClock "0:00:07"]
[BlackClock "0:00:22"]

1. Nf3 d5 2. g3 Bf5 3. Bg2 Nf6 4. O-O e6 5. d3 Be7 6. Nh4 c6 7. Nxf5 exf5 8. c4 O-O 9. Qb3 Qd7 10. cxd5 cxd5 11. Nc3 Rd8 12. Bg5 Nc6 13. Bxf6 Bxf6 14. Nxd5 Nd4 15. Nxf6+ gxf6 16. Qd1 Rac8 17. e3 Nc2 18. Rc1 Qxd3 19. Qxd3 Rxd3 20. Bxb7 Rc7 21. Ba6 Rd2 22. a3 Rc6 23. Bb5 Rb6 24. a4 a6 25. Bc4 Rxb2 26. Rfd1 Nb4 27. Rxd2 Rxd2 28. a5 Kg7 29. Rb1 Nd3 30. Bxd3 Rxd3 31. Rb6 Rd2 32. Rxa6 Ra2 33. Ra8 h5 34. Kg2 Kg6 35. a6 Kg7 36. Kf3 Kh7 37. a7 Kg7 38. Kg2 Kh7 39. Kh3 Kg7 40. Kh4 Rxf2 41. h3 Ra2 42. Kxh5 Ra4 43. g4 fxg4 44. hxg4 Ra5+ 45. Kh4 Ra3 46. g5 Ra4+ 47. Kh5 Ra5 48. Kg4 fxg5 49. e4 Kh7 50. Kh5 Kg7 51. e5 Kh7 52. Kg4 Kg7 53. Kf5 g4 54. Kxg4 Ra4+ 55. Kf5 Ra5 56. Ke4 Ra4+ 57. Kd5 Ra1 58. Kd6 Rd1+ 59. Ke7 Ra1 60. Ke8 Ra6 61. Ke7 Ra5 62. e6 fxe6 63. Kxe6 Ra6+ 64. Kd7 Ra1 65. Kc6 Rc1+ 66. Kb6 Rb1+ 67. Ka6 Ra1+ 68. Kb6 Rb1+ 69. Kc5 Rc1+ 70. Kb4 Ra1 71. Kb3 Ra6 72. Kb4 Ra1 73. Kb5 Rb1+ 74. Kc6 Rc1+ 75. Kb7 Rb1+ 76. Kc8 Ra1 77. Kb8 Rb1+ 78. Kc7 Ra1 79. Kc6 Rc1+ 1/2-1/2


[Site "https://www.chess.com"]

[Event "Titled Tuesday Blitz March 15 Early 2022"]
[White "Dreev, Aleksey"]
[Black "Kovanova, Baira"]
[WhiteFideId "4100107"]
[BlackFideId "4164083"]
[WhiteElo "2625"]
[BlackElo "2190"]
[Result "1-0"]
[Round "03"]
[TimeControl "180+1"]
[Date "2022.03.15"]
[WhiteClock "0:00:04"]
[BlackClock "0:00:01"]

1. d4 Nf6 2. Nf3 e6 3. c4 d5 4. Nc3 Nbd7 5. Bg5 h6 6. Bh4 Be7 7. e3 a6 8. cxd5 exd5 9. Bd3 O-O 10. O-O c6 11. Qc2 Re8 12. Rfe1 Ne4 13. Bxe7 Qxe7 14. b4 Ndf6 15. a3 Nd6 16. Na4 Nfe4 17. Nb6 Rb8 18. Nxc8 Rbxc8 19. Ne5 b5 20. f3 Nf6 21. e4 Nc4 22. exd5 cxd5 23. Qf2 Qa7 24. Re2 Nd7 25. f4 Nf6 26. h3 Qb6 27. Kh2 Nd6 28. Rae1 Nfe4 29. Qg1 Rc3 30. Nd7 Qc7 31. Nc5 Nc4 32. Bxe4 dxe4 33. Rxe4 Rxe4 34. Rxe4 Rxa3 35. Qf2 Nd6 36. Re5 Rc3 37. Qe1 Rc4 38. Re7 Qd8 39. Rd7 Qf6 40. Qe5 Rxb4 41. Qxf6 gxf6 42. Rxd6 a5 43. Ra6 Rxd4 44. Rxa5 1-0


[Site "https://www.chess.com"]

[Event "Titled Tuesday Blitz March 15 Early 2022"]
[White "Dushyant Sharma"]
[Black "Vlassov, Nikolai"]
[WhiteFideId "25065130"]
[BlackFideId "4103360"]
[WhiteElo "2105"]
[BlackElo "2407"]
[Result "0-1"]
[Round "03"]
[TimeControl "180+1"]
[Date "2022.03.15"]
[WhiteClock "0:00:05"]
[BlackClock "0:00:17"]

1. e4 Nc6 2. Nf3 d5 3. exd5 Qxd5 4. d4 Bg4 5. Be3 Bxf3 6. Qxf3 Qxf3 7. gxf3 O-O-O 8. Bh3+ Kb8 9. c3 e5 10. O-O exd4 11. cxd4 Nxd4 12. Bg2 Nf6 13. Nc3 Bb4 14. Rad1 Bxc3 15. bxc3 Ne2+ 16. Kh1 Nxc3 17. Rc1 Ncd5 18. Bd4 b6 19. a4 Rhe8 20. a5 c5 21. Ba1 Nf4 22. Rb1 Kc7 23. Rg1 Nxg2 24. Rxg2 Nh5 25. Bxg7 Rg8 26. Be5+ Kc6 27. Rg4 f6 28. Ba1 Rg6 29. Rh4 Rd5 30. h3 Rgg5 31. Kh2 Rgf5 32. Rb3 Rd1 33. Bb2 Rb1 34. Re4 Re5 35. Rh4 Re2 36. Rxh5 Rbxb2 37. Rxb2 Rxb2 38. Rxh7 c4 39. Rxa7 b5 40. Ra6+ Kc5 41. Rxf6 c3 42. Rf8 b4 43. a6 Ra2 44. Rc8+ Kd4 45. Rc6 b3 46. h4 b2 47. Rb6 c2 48. a7 b1=Q 49. Ra6 Rxa6 0-1


[Site "https://www.chess.com"]

[Event "Titled Tuesday Blitz March 15 Early 2022"]
[White "Dwilewicz, Katarzyna"]
[Black "Indjic, Aleksandar"]
[WhiteFideId "1148486"]
[BlackFideId "911925"]
[WhiteElo "1907"]
[BlackElo "2616"]
[Result "0-1"]
[Round "03"]
[TimeControl "180+1"]
[Date "2022.03.15"]
[WhiteClock "0:01:12"]
[BlackClock "0:02:17"]

1. e4 c6 2. d4 d5 3. e5 c5 4. dxc5 e6 5. a3 Bxc5 6. b4 Bb6 7. Bb2 Ne7 8. Nf3 a5 9. b5 Nd7 10. Nbd2 Ng6 11. Bd3 O-O 12. O-O Nc5 13. Bxg6 fxg6 14. Nd4 Na4 15. Qc1 Bd7 16. N2f3 Rc8 17. Rb1 Nxb2 18. Qxb2 g5 19. c3 g4 20. Ne1 Qc7 21. Nd3 Qxc3 0-1


[Site "https://www.chess.com"]

[Event "Titled Tuesday Blitz March 15 Early 2022"]
[White "Eggleston, Thomas A"]
[Black "Andreikin, Dmitry"]
[WhiteFideId "412139"]
[BlackFideId "4158814"]
[WhiteElo "2174"]
[BlackElo "2736"]
[Result "0-1"]
[Round "03"]
[TimeControl "180+1"]
[Date "2022.03.15"]
[WhiteClock "0:00:22"]
[BlackClock "0:01:54"]

1. e4 c5 2. Nf3 e6 3. c3 Nf6 4. e5 Nd5 5. d4 cxd4 6. cxd4 Nc6 7. Nc3 Nxc3 8. bxc3 d6 9. exd6 Bxd6 10. Bd3 O-O 11. O-O h6 12. Re1 b6 13. Qe2 Qc7 14. Ne5 Bb7 15. Bf4 Bxe5 16. dxe5 Ne7 17. Qg4 Kh8 18. Qh4 Ng6 19. Bxg6 fxg6 20. Re3 Rf5 21. Bg3 Rd8 22. Qg4 g5 23. h4 Qf7 24. hxg5 Rxg5 25. Qh4 Rd2 26. a3 Qf5 27. Rae1 Rxf2 0-1


[Site "https://www.chess.com"]

[Event "Titled Tuesday Blitz March 15 Early 2022"]
[White "Esipenko, Andrey"]
[Black "Pranav Anand"]
[WhiteFideId "24175439"]
[BlackFideId "46626786"]
[WhiteElo "2617"]
[BlackElo "2259"]
[Result "1-0"]
[Round "03"]
[TimeControl "180+1"]
[Date "2022.03.15"]
[WhiteClock "0:00:49"]
[BlackClock "0:00:24"]

1. e4 e6 2. d4 d5 3. Nc3 Nf6 4. e5 Nfd7 5. f4 c5 6. Nf3 Nc6 7. Be3 b6 8. Qd2 Be7 9. O-O-O Bb7 10. h4 a6 11. f5 Qc7 12. g3 O-O-O 13. fxe6 fxe6 14. Bh3 cxd4 15. Nxd4 Nxd4 16. Bxd4 Qc6 17. Rhf1 Rhf8 18. Ne2 Kb8 19. Nf4 Qc4 20. b3 Ba3+ 21. Kb1 Qc6 22. Nxe6 Rxf1 23. Rxf1 Rc8 24. Nxg7 a5 25. Rf7 Ba6 26. Bxd7 Qg6 27. Bxc8 Qxf7 28. Bxa6 Qxg7 29. Qf4 Ka7 30. Bd3 Qe7 31. Qf6 Qc7 32. c3 Be7 33. Qf7 a4 34. bxa4 Kb7 35. Bb5 h5 36. Qxd5+ Ka7 37. Qc6 Qd8 38. Qd7+ Qxd7 39. Bxd7 Ka6 40. Bb5+ Ka5 41. Kc2 Bc5 42. Bxc5 bxc5 43. e6 c4 44. Bxc4 Kb6 45. Bb3 Ka5 46. e7 Kb6 47. e8=Q Kc5 48. Qxh5+ Kd6 1-0


[Site "https://www.chess.com"]

[Event "Titled Tuesday Blitz March 15 Early 2022"]
[White "Fathy, Elameir"]
[Black "Nikulina, Alena"]
[WhiteFideId "10600396"]
[BlackFideId "4172051"]
[WhiteElo "2311"]
[BlackElo "1778"]
[Result "1-0"]
[Round "03"]
[TimeControl "180+1"]
[Date "2022.03.15"]
[WhiteClock "0:01:36"]
[BlackClock "0:00:12"]

1. d4 d5 2. c4 e6 3. Nf3 Nf6 4. g3 c6 5. Bg2 Be7 6. O-O O-O 7. Nbd2 a6 8. Qc2 Nbd7 9. e4 dxe4 10. Nxe4 Nxe4 11. Qxe4 Nf6 12. Qe2 c5 13. Rd1 cxd4 14. Nxd4 Qa5 15. Bd2 Qh5 16. Bf3 Qg6 17. h4 h5 18. Bg5 Re8 19. Rac1 Rb8 20. Bf4 e5 21. Qxe5 Bg4 22. Qg5 Rbd8 23. Qxg6 fxg6 24. Bxg4 Nxg4 25. f3 Bc5 26. fxg4 Rxd4 27. Kg2 Re2+ 28. Kf3 Rxb2 29. Rxd4 Bxd4 30. Rd1 Bf6 31. g5 Bc3 32. Rd3 Be1 33. Rd8+ Kf7 34. Rd7+ Ke6 35. Rxg7 Kf5 36. Rf7+ Ke6 37. Rf6+ Ke7 38. Rxg6 Rf2+ 39. Ke4 Rxa2 40. Rb6 Ra3 41. Rxb7+ Kf8 42. Kf5 Bxg3 43. Kf6 Ke8 44. Rb8+ Kd7 45. Bxg3 Rxg3 46. g6 Rf3+ 47. Kg5 Rg3+ 48. Kh6 a5 49. g7 a4 50. g8=Q Rxg8 51. Rxg8 a3 52. Ra8 Kc6 53. Rxa3 Kc5 54. Rg3 Kxc4 55. Kxh5 1-0


[Site "https://www.chess.com"]

[Event "Titled Tuesday Blitz March 15 Early 2022"]
[White "Fier, Alexandr"]
[Black "Paravyan, David"]
[WhiteFideId "2107139"]
[BlackFideId "4194985"]
[WhiteElo "2571"]
[BlackElo "2569"]
[Result "1-0"]
[Round "03"]
[TimeControl "180+1"]
[Date "2022.03.15"]
[WhiteClock "0:01:35"]
[BlackClock "0:01:02"]

1. e4 e5 2. Nf3 Nf6 3. d4 Nxe4 4. Bd3 d5 5. Nxe5 Bd6 6. O-O O-O 7. c4 c5 8. cxd5 Nf6 9. Bg5 cxd4 10. Nf3 Be7 11. Bc4 Nxd5 12. Bxe7 Nxe7 13. Qxd4 Nbc6 14. Qxd8 Rxd8 15. Re1 Ng6 16. Nc3 Bg4 17. Bd5 Rd7 18. h3 Bxf3 19. Bxf3 Nge5 20. Bxc6 Nxc6 21. Rad1 Rdd8 22. f4 Kf8 23. Kf2 Rac8 24. Rxd8+ Rxd8 25. Rd1 Rxd1 26. Nxd1 Ke7 27. Ke3 f5 28. Nc3 Ke6 29. Kd3 h6 30. g3 1-0


[Site "https://www.chess.com"]